 Dungeon Crawl Stone Soup version 0.22.0-49-gab54619 (webtiles) character file.

10252 Yandel the Cruncher (level 11, -14/74 HPs)
             Began as an Octopode Gladiator on Sept 2, 2018.
             Was a Believer of Ru.
             Demolished by an ogre
             ... wielding a +0 giant club
              (26 damage)
             ... on level 11 of the Dungeon on Sept 4, 2018.
             The game lasted 01:27:13 (9524 turns).

Yandel the Cruncher (Octopode Gladiator)            Turns: 9524, Time: 01:27:14

Health: -14/74     AC:  6    Str: 19    XL:     11   Next: 59%
Magic:  0/26       EV: 17    Int: 12    God:    Ru [**....]
Gold:   399        SH:  0    Dex: 15    Spells: 4/18 levels left

rFire    . . .     SeeInvis .   a - +3 quarterstaff
rCold    . . .     Gourm    .   (shield currently unavailable)
rNeg     . . .     Faith    .   b - +2 hat
rPois    +         Spirit   +   z - amulet of guardian spirit
rElec    .         Reflect  .   e - ring of poison resistance
rCorr    .         Harm     .   n - +3 ring of slaying
MR       .....                  c - +3 ring of protection
Stlth    +++++++...             t - ring of magical power
HPRegen  0.22/turn              x - ring of stealth
MPRegen  0.20/turn              (no ring)
                                (no ring)
                                (no ring)

@: mighty, very slightly contaminated
A: almost no armour, stealthy swim, amphibious, 8 rings, constrict 8, camouflage
1, gelatinous body 1, inexperienced 1
a: Renounce Religion


You were on level 11 of the Dungeon.
You worshipped Ru.
Ru was pleased with you.
You were very hungry.

You visited 1 branch of the dungeon, and saw 11 of its levels.

You collected 715 gold pieces.
You spent 316 gold pieces at shops.

Inventory:

Hand Weapons
 a - a +3 quarterstaff (weapon)
Missiles
 y - a tomahawk (quivered)
Armour
 b - a +2 hat (worn)
Jewellery
 c - a +3 ring of protection (on tentacle)
 e - a ring of poison resistance (left tentacle)
 n - a +3 ring of slaying (right tentacle)
 r - an uncursed amulet of regeneration
 t - a ring of magical power (on tentacle)
 x - a ring of stealth (on tentacle)
 z - an amulet of guardian spirit (around mantle)
Wands
 i - a wand of polymorph (23)
 j - a wand of digging (9)
 m - a wand of iceblast (6)
 s - a wand of disintegration (16)
Scrolls
 f - 3 scrolls of magic mapping
 g - 5 scrolls of teleportation
 u - 5 scrolls of remove curse
 v - a scroll of enchant armour
 A - a scroll of amnesia
Potions
 h - a potion of curing
 k - 2 potions of magic
 o - a potion of flight
 p - 2 potions of degeneration {unknown}
 q - a potion of mutation {unknown}
 w - a potion of berserk rage {unknown}
 C - 2 potions of agility {unknown}
Miscellaneous
 B - a sack of spiders
Comestibles
 d - 20 rations
 D - 5 chunks of flesh


   Skills:
 + Level 6.7 Fighting
 + Level 11.6 Staves
 + Level 4.7 Throwing
 + Level 6.4 Dodging
 + Level 11.1 Stealth
 + Level 4.0 Spellcasting
 + Level 2.9 Conjurations
 + Level 3.2 Poison Magic


You had 4 spell levels left.
You knew the following spells:

 Your Spells              Type           Power        Failure   Level  Hunger
a - Sting                 Conj/Pois      #...         6%          1    #......
b - Magic Dart            Conj           #...         7%          1    #......
c - Poisonous Vapours     Pois/Air       #.....       17%         2    ##.....
d - Mephitic Cloud        Conj/Pois/Air  #.......     28%         3    ###....
e - Conjure Flame         Conj/Fire      #.......     36%         3    ###....
f - Olgreb's Toxic Radia  Pois           ##......     50%         4    #####..

Your spell library contained the following spells:

 Spells                   Type           Power        Failure   Level  Hunger
 Blink                    Tloc           N/A          32%         2    ##.....
 Call Imp                 Summ           #.......     32%         2    ##.....
 Slow                     Hex            #.......     32%         2    ##.....
 Venom Bolt               Conj/Pois      #.........   86%         5    ######.


Dungeon Overview and Level Annotations

Branches:
Dungeon (11/15)            Temple (0/1) D:6
   Lair: D:8-11         Orc: D:9-12

Altars:
Fedhas
Hepliaklqana
Kikubaaqudgha
Ru
Vehumet
Yredelemnul

Shops:
D:6 }*(


Innate Abilities, Weirdness & Mutations

You cannot wear most types of armour.
You are very stealthy in the water. (Stealth+)
You are amphibious.
You can wear up to eight rings at the same time.
You can use your tentacles to constrict eight enemies at once.
Your skin changes colour to match your surroundings (Stealth+).
Your rubbery body absorbs attacks. (AC +1, EV +1)
You are somewhat inexperienced. (-2 XL)


Message History

You feel better. The hippogriff closely misses you. The hippogriff pecks you.
* * * LOW HITPOINT WARNING * * *
The hippogriff misses you.
You sock the hippogriff!
You kill the hippogriff!
Your Spellcasting skill increases to level 4!
You sock the wight! You grab the wight. You squeeze the wight.
You destroy the wight!
No other missiles available.
Use F to throw any item.
Casting: Sting (safe; 6% risk of failure)
Confirm with . or Enter, or press ? or * to list all spells.
Aiming: Sting (safe; 6% risk of failure)
Press: ? - help, Shift-Dir - straight line, f - ogre
Aim: an ogre, wielding a giant club The sting hits the ogre.
The ogre is lightly wounded.
Evoke which item? (* to show all) (? for menu, Esc to quit)
You reach into the bag... ...and things crawl out!
The ogre hits you with a giant club!!
You die...

#(# # #)#
#.# #
#.#####.#
#Z.†....####
#t..........
#z.........
#O###....##
#@# #....#
#.###....#
#a.......#
#..†<....#
#.######..#
#.# #..# #.#
#..# #.#
#..# #.#
#..#


You could see a crocodile, an ogre, a wight, a worker ant zombie and a friendly
soldier ant.

Vanquished Creatures
  A two-headed ogre (D:10)
  A tengu warrior (D:8)
  An unseen horror (D:10)
  Pikel (D:5)
  An ugly thing (D:11)
  An elephant (D:11)
  A centaur zombie (D:10)
  2 hellwings (D:10)
  2 hornets
  3 hippogriffs
  2 wraiths
  A spriggan (D:8)
  A wyvern (D:9)
  A hungry ghost (D:9)
  An orc warrior (D:6)
  A slave (D:5)
  2 ice beasts
  3 sky beasts
  A hornet zombie (D:8)
  3 phantoms
  2 ogres
  A centaur (D:9)
  4 bullfrogs
  2 crocodiles
  A wyvern skeleton (D:10)
  3 scorpions
  4 killer bees (D:11)
  2 howler monkeys
  15 wights
  9 crimson imps
  2 bullfrog zombies (D:9)
  A quasit (D:7)
  4 jellies
  4 orc priests
  4 hounds
  A gnoll shaman (D:7)
  3 centaur skeletons
  10 orc wizards
  3 iguanas
  12 worker ants
  3 hound zombies
  3 worker ant zombies
  4 gnolls (D:7)
  11 adders
  8 shadow imps
  2 oozes
  A dart slug (D:2)
  6 worms
  9 leopard geckos
  32 orcs
  10 giant cockroaches
  7 goblins
  8 hobgoblins
  6 jackals
  6 kobolds
  3 quokkas
  2 ball pythons (D:3)
  6 bats
  3 frilled lizards
  A giant cockroach zombie (D:6)
  2 quokka skeletons
  A quokka zombie (D:7)
  12 rats
  A plant (D:1)
264 creatures vanquished.

Vanquished Creatures (others)
  An orc (D:5)
1 creature vanquished.

Grand Total: 265 creatures vanquished

Notes
Turn   | Place    | Note
-------+----------+-------------------------------------------
     0 | D:1      | Yandel the Octopode Gladiator began the quest for the Orb.
     0 | D:1      | Reached XP level 1. HP: 14/14 MP: 1/1
   113 | D:1      | Reached skill level 1 in Stealth
   113 | D:1      | Reached XP level 2. HP: 8/19 MP: 2/2
   809 | D:2      | Reached XP level 3. HP: 22/24 MP: 3/3
  1008 | D:2      | Reached XP level 4. HP: 30/30 MP: 4/4
  1313 | D:2      | Found a sacrificial altar of Ru.
  1337 | D:2      | Became a worshipper of Ru the Awakened
  2161 | D:3      | Reached XP level 5. HP: 32/35 MP: 5/5
  2262 | D:3      | Found a radiant altar of Vehumet.
  2609 | D:3      | Reached XP level 6. HP: 41/41 MP: 6/6
  2623 | D:3      | Reached skill level 5 in Staves
  2680 | D:3      | Gained mutation: You are somewhat inexperienced. (-2 XL)
                  | [Ru sacrifice]
  2680 | D:3      | Reached XP level 5. HP: 36/36 MP: 5/5
  2680 | D:3      | Reached XP level 4. HP: 30/30 MP: 4/4
  2680 | D:3      | Reached * piety under Ru
  2680 | D:3      | Reached ** piety under Ru
  2989 | D:4      | Reached XP level 5. HP: 36/36 MP: 5/5
  3565 | D:4      | Reached XP level 6. HP: 42/42 MP: 6/6
  3643 | D:5      | Entered Level 5 of the Dungeon
  3663 | D:5      | Found a basalt altar of Yredelemnul.
  3688 | D:5      | Noticed an ice beast
  3978 | D:5      | Noticed a phantom
  3980 | D:5      | Found an ancient bone altar of Kikubaaqudgha.
  4077 | D:5      | Killed a phantom
  4077 | D:5      | Reached XP level 7. HP: 43/46 MP: 7/7
  4117 | D:5      | Reached skill level 5 in Stealth
  4188 | D:5      | Noticed Pikel
  4207 | D:5      | Killed Pikel
  4207 | D:5      | Reached XP level 8. HP: 33/54 MP: 8/8
  4633 | D:6      | Found Biduufamp's Weapon Boutique.
  4669 | D:6      | Found a staircase to the Ecumenical Temple.
  4902 | D:6      | Found Ucuojes's Assorted Antiques.
  4909 | D:6      | Bought a scroll labeled IGIWKA FOPPOT for 28 gold pieces
  4909 | D:6      | Bought a scroll labeled TYSAGA DUOCS for 28 gold pieces
  5025 | D:6      | Found Xoiwk's Gadget Boutique.
  5101 | D:6      | Learned a level 3 spell: Mephitic Cloud
  5105 | D:6      | Learned a level 1 spell: Magic Dart
  5109 | D:6      | Learned a level 3 spell: Conjure Flame
  5299 | D:6      | Bought a wand of polymorph (24) for 260 gold pieces
  5409 | D:7      | Found a sacrificial altar of Ru.
  5468 | D:7      | Found an ancient bone altar of Kikubaaqudgha.
  5472 | D:7      | Found a blossoming altar of Fedhas.
  5483 | D:7      | Reached XP level 9. HP: 56/60 MP: 9/9
  5523 | D:7      | Reached skill level 5 in Fighting
  5591 | D:7      | Learned a level 1 spell: Sting
  5690 | D:7      | Reached skill level 1 in Spellcasting
  5691 | D:7      | Upgraded the game from 0.22.0-40-g68aacdc to
                  | 0.22.0-49-gab54619
  6188 | D:7      | Learned a level 2 spell: Poisonous Vapours
  6210 | D:8      | Reached skill level 1 in Poison Magic
  6322 | D:8      | Reached skill level 1 in Conjurations
  6326 | D:8      | Found a hazy altar of Hepliaklqana.
  6509 | D:8      | Noticed a tengu warrior
  6757 | D:8      | Noticed a hornet
  6762 | D:8      | Killed a hornet
  6896 | D:8      | Noticed a cyclops
  6926 | D:8      | Reached skill level 5 in Dodging
  6934 | D:8      | Killed a tengu warrior
  6934 | D:8      | Reached XP level 10. HP: 37/67 MP: 13/14
  6982 | D:8      | Learned a level 4 spell: Olgreb's Toxic Radiance
  7439 | D:9      | Reached skill level 10 in Staves
  7830 | D:10     | Entered Level 10 of the Dungeon
  7904 | D:10     | Noticed a two-headed ogre
  7942 | D:10     | Killed a two-headed ogre
  8167 | D:10     | Killed an unseen horror
  8167 | D:10     | Reached skill level 10 in Stealth
  8416 | D:10     | Reached XP level 11. HP: 70/74 MP: 16/16
  8700 | D:10     | Found a blossoming altar of Fedhas.
  9320 | D:11     | Noticed a brown ugly thing
  9340 | D:11     | Killed a brown ugly thing
  9524 | D:11     | Demolished by an ogre

Skill      XL: |  1  2  3  4  5  6  7  8  9 10 11 |
---------------+----------------------------------+-----
Stealth        | 1 2 4 5 6 8 10 11 | 11.1
Staves         | 4 6 7 8 9 11 | 11.6
Fighting       | 3 4 5 6 |  6.7
Throwing       | 3 4 |  4.7
Dodging        | 4 5 6 |  6.4
Spellcasting   | 3 4 |  4.0
Poison Magic   | 1 2 3 |  3.2
Conjurations   | 2 |  2.9

Action                   |  1- 3 |  4- 6 |  7- 9 | 10-12 || total
-------------------------+-------+-------+-------+-------++-------
Melee: Quarterstaff      |    51 |   170 |   184 |   269 ||   674
       Constrict         |    14 |    39 |    40 |    31 ||   124
       Tentacles         |    12 |    24 |    39 |    58 ||   133
Throw: Throwing net      |     1 |     9 |       |       ||    10
       Tomahawk          |       |    22 |    15 |     8 ||    45
 Cast: Magic Dart        |       |       |    14 |    21 ||    35
       Sting             |       |       |    28 |    22 ||    50
       Poisonous Vapours |       |       |       |     6 ||     6
       Olgreb's Toxic Ra |       |       |       |     1 ||     1
       Mephitic Cloud    |       |       |       |     3 ||     3
Invok: Sacrifice Experie |       |     1 |       |       ||     1
       Reject Sacrifices |       |       |     1 |     1 ||     2
Evoke: Wand              |       |       |     1 |       ||     1
       Sack of spiders   |       |       |       |     1 ||     1
  Use: Scroll            |     3 |     7 |    10 |     7 ||    27
       Potion            |       |     1 |     5 |     8 ||    14
 Stab: Sleeping          |     4 |    12 |    14 |    21 ||    51
       Held in net/web   |       |     2 |       |       ||     2
       Distracted        |       |     1 |     2 |       ||     3
       Invisible         |       |       |       |     8 ||     8
       Confused          |       |       |       |     1 ||     1
  Eat: Chunk             |       |    10 |    11 |     7 ||    28
       Ration            |       |       |       |     1 ||     1
Armor: Skin              |     1 |    21 |    14 |    35 ||    71
Dodge: Dodged            |    27 |    58 |    82 |   135 ||   302
